 Dungeon Crawl Stone Soup version 0.29-a0-275-g389c0b56f3 (webtiles) character file.

Game seed: 5539041416783101433

129 jimonade the Conjurer (level 5, -7/37 HPs)
             Began as a Human Conjurer on Mar 11, 2022.
             Mangled by an orc warrior
             ... wielding a +0 short sword
              (12 damage)
             ... on level 3 of the Dungeon.
             The game lasted 00:32:22 (5447 turns).

jimonade the Conjurer (Human Conjurer)              Turns: 5447, Time: 00:32:22

Health: -7/37      AC:  2    Str:  8    XL:     5   Next: 35%
Magic:  4/9        EV: 12    Int: 20    God:
Gold:   103        SH:  0    Dex: 11    Spells: 7/10 levels left

rFire   . . .      SeeInvis .   C - +1 dagger (venom)
rCold   . . .      Faith    .   (no shield)
rNeg    . . .      Spirit   .   a - +0 robe
rPois   .          Reflect  .   (no helmet)
rElec   .          Harm     .   (no cloak)
rCorr   .          Rampage  .   (no gloves)
Will    .....                   (no boots)
Stlth   ++........              (no amulet)
HPRegen 0.12/turn               (no ring)
MPRegen 0.11/turn               (no ring)

@: no status effects
A: no striking features
a: no special abilities


You were on level 3 of the Dungeon.
You visited 1 branch of the dungeon, and saw 3 of its levels.

You collected 103 gold pieces.

Inventory:

Hand Weapons
 d - a +0 club
 g - a +0 dagger
 j - a +0 short sword
 n - a +0 short sword
 p - a +0 club
 s - a +0 dagger
 t - a +0 whip
 u - a +0 trident
 w - a +0 falchion
 x - a +0 club
 y - a +0 whip
 A - a +0 dagger
 C - a +1 dagger of venom (weapon)
 D - a +0 club
 G - a +0 dagger of speed
 H - a +0 vorpal hand axe
Missiles
 h - 108 stones
Armour
 a - a +0 robe (worn)
 e - a +0 robe
 l - a +0 leather armour
 v - a +0 ring mail
 z - a +0 leather armour
 B - an orb of wrath
 E - a +0 scale mail
Scrolls
 k - a scroll of identify
 q - a scroll of immolation {unknown}
 I - a scroll of vulnerability {unknown}
Potions
 b - a potion of magic
 f - a potion of haste {unknown}
 i - a potion of brilliance {unknown}
 m - 2 potions of mutation {unknown}
 o - a potion of flight {unknown}
 r - a potion of ambrosia {unknown}
 F - a potion of lignification {unknown}


   Skills:
 * Level 1.1 Fighting
 + Level 0.2 Short Blades
 - Level 2.0 Dodging
 - Level 2.0 Stealth
 * Level 3.0 Spellcasting
 * Level 5.4 Conjurations


You had 7 spell levels left.
You knew the following spells:

 Your Spells              Type           Power      Damage    Failure   Level
a - Magic Dart            Conj           100%       1d8       1%          1
b - Searing Ray           Conj           50%        2d6       2%          2

Your spell library contained the following spells:

 Spells                   Type           Power      Damage    Failure   Level
 Dazzling Flash           Conj/Hex       28%        N/A       14%         3
 Fulminant Prism          Conj/Hex       7%         3d7       41%         4
 Iskenderun's Mystic Bla  Conj/Tloc      14%        2d5       41%         4


Dungeon Overview and Level Annotations

Branches:
Dungeon (3/15)

Altars:


Message History

The orc wizard casts a spell.
The orc wizard flickers and vanishes!
Deactivating autopickup; reactivate with Ctrl-A.
The orc closely misses you.
The orc warrior hits you but does no damage.
Press: ? - help, v - describe, . - travel The floor.
Unknown command.
Unknown command.
As you read the scroll labelled TIGAHO ETESIPN, it crumbles to dust.
You feel aware of your surroundings.
You sensed 1 shop/portal.
It was a scroll of magic mapping.
Something hits you. The orc barely misses you.
The orc warrior hits you with a +0 short sword!
* * * LOW HITPOINT WARNING * * *
As you read the scroll labelled GUTECOATIH, it crumbles to dust.
It is a scroll of identify.
Really abort (and waste the scroll)? [Y]es or [N]o only, please.
Really abort (and waste the scroll)? [Y]es or [N]o only, please.
Really abort (and waste the scroll)? [Y]es or [N]o only, please.
Really abort (and waste the scroll)? [Y]es or [N]o only, please.
Really abort (and waste the scroll)? [Y]es or [N]o only, please.
Really abort (and waste the scroll)? [Y]es or [N]o only, please.
Really abort (and waste the scroll)? [Y]es or [N]o only, please.
Really abort (and waste the scroll)?
Uppercase [Y]es or [N]o only, please.
Really abort (and waste the scroll)?
Okay, then.
Something hits you.
* * * LOW HITPOINT WARNING * * *
The orc misses you.
The orc warrior hits you with a +0 short sword!
You die...

#######
################.....#
.......##..........#.#
..o....)).>........#.#
.......##.o.......<..#
.......##..........###
.......#####.......#
.......#########o#.#
.......##......{@..#
.......##.###...o..#
.......##o#.#.....##
.......##...#...###
.......####.#...#
.......# #....##
.......# ######
.......# ########


You could see an orc warrior and an orc.

Vanquished Creatures
  An orc wizard (D:3)
  Robin (D:2)
  2 adders (D:2)
  A dart slug (D:1)
  5 orcs
  2 bats (D:1)
  An endoplasm (D:1)
  A giant cockroach (D:2)
  15 goblins
  6 hobgoblins
  8 jackals
  A quokka (D:1)
  4 ball pythons
  4 frilled lizards
  5 kobolds
  5 rats
62 creatures vanquished.

Notes
Turn   | Place    | Note
-------+----------+-------------------------------------------
     0 | D:1      | jimonade the Human Conjurer began the quest for the Orb.
     0 | D:1      | Reached XP level 1. HP: 13/13 MP: 3/3
   569 | D:1      | Reached XP level 2. HP: 19/19 MP: 1/5
   827 | D:1      | Learned a level 2 spell: Searing Ray
  2498 | D:1      | Reached XP level 3. HP: 25/25 MP: 0/6
  3074 | D:2      | Noticed Robin
  3078 | D:2      | Killed Robin
  3493 | D:2      | Reached XP level 4. HP: 31/31 MP: 2/7
  3894 | D:2      | Reached skill level 5 in Conjurations
  4617 | D:2      | Found a faded altar of an unknown god.
  4971 | D:3      | Noticed an orc warrior
  5045 | D:3      | Reached skill level 1 in Fighting
  5098 | D:3      | Reached XP level 5. HP: 27/37 MP: 1/9
  5447 | D:3      | Mangled by an orc warrior

Illustrated notes

Levels and vault maps discovered:
D:1:      noname_arrival_rooms_in_the_neighbourhood, layout_loops_ring,
          minmay_unequal
D:2:      layout_basic, ebering_ecumenical_altar_abandoned, uniq_robin
D:3:      layout_basic, serial_shops, nicolae_shop_crystal

Skill      XL: |  1  2  3  4  5 |
---------------+----------------+-----
Conjurations   | 5 |  5.4
Fighting       | 1 |  1.1
Spellcasting   | 3 |  3.0
Short Blades   | |  0.2
Dodging        | |  2.0
Stealth        | |  2.0

Action                   |  1- 3 |  4- 6 || total
-------------------------+-------+-------++-------
Melee: Short sword       |    14 |     4 ||    18
       Dagger            |       |     7 ||     7
 Cast: Magic Dart        |     9 |       ||     9
       Searing Ray       |    16 |    26 ||    42
  Use: Scroll            |       |     2 ||     2
Armor: Robe              |     5 |     3 ||     8
Dodge: Dodged            |    21 |    18 ||    39

Table legend: (Time is in decaauts)
 A = Elapsed time spent in this place.
 B = Non-inter-level travel time spent in this place.
 C = Inter-level travel time spent in this place.
 D = Time resting spent in this place.
 E = Time spent auto-exploring this place.
 F = Levels seen in this place.
 G = Mean time per level.
                   A        B        C        D        E       F      G
               +--------+--------+--------+--------+--------+-----+--------+
         Total |   5449 |   5330 |    119 |   3359 |    744 |   3 | 1816.3 |
       Dungeon |   5449 |   5330 |    119 |   3359 |    744 |   3 | 1816.3 |
               +--------+--------+--------+--------+--------+-----+--------+

Top non-repeatable levels by time:
     D:1: 3423 daAuts
     D:2: 1603 daAuts
     D:3: 422 daAuts
